 Dungeon Crawl Stone Soup version 0.30-a0-170-g85af917532 (webtiles) character file.

Game seed: 18379317885806721554

49 qw the Chopper (level 3, -1/23 HPs)
             Began as a Gargoyle Fighter on Sept 30, 2022.
             Killed by divine providence
             ... invoked by an orc priest
              (13 damage)
             ... on level 2 of the Dungeon.
             The game lasted 00:00:25 (1168 turns).

qw the Chopper (Gargoyle Fighter)                   Turns: 1168, Time: 00:00:26

Health: -1/23      AC: 11    Str: 21    XL:     3   Next: 77%
Magic:  3/3        EV:  9    Int:  8    God:
Gold:   11         SH:  4    Dex:  9    Spells: 2/2 levels left

rFire   . . .      SeeInvis .    Y - +0 war axe
rCold   . . .      Faith    .    c - +0 buckler
rNeg    + . .      Spirit   .    b - +0 scale mail
rPois   inf        Reflect  .    j - +0 helmet
rElec   +          Harm     .    (no cloak)
rCorr   .          Rampage  .    (no gloves)
Will    .....                    (no boots)
Stlth   ..........               (no amulet)
HPRegen 0.07/turn                (no ring)
MPRegen 0.08/turn                (no ring)

@: no status effects
A: sickness immunity, AC +3, negative energy resistance 1, electricity
resistance, torment resistance 1, petrification resistance
a: no special abilities


You were on level 2 of the Dungeon.
You visited 1 branch of the dungeon, and saw 2 of its levels.

You collected 56 gold pieces.
You spent 45 gold pieces at shops.


Innate Abilities, Weirdness & Mutations

You are immune to sickness and miasma.
Your stone body is resilient. (AC +3)
You are immune to poison.
You resist negative energy. (rN+)
You are resistant to electric shocks. (rElec)
You are resistant to unholy torment.
You are immune to petrification.


   Skills:
 - Level 3.2 Fighting
 + Level 3.6 Axes
 - Level 3.2 Armour
 - Level 3.2 Shields


You had 2 spell levels left.
You didn't know any spells.
Your spell library was empty.

Inventory:

Hand Weapons
 a - a +0 whip
 Y - a +0 war axe (weapon)
Armour
 b - a +0 scale mail (worn)
 c - a +0 buckler (worn)
 j - a +0 helmet (worn)
 k - a +0 chain mail
Scrolls
 h - a scroll of fear {unknown}
 i - 2 scrolls of identify
 l - a scroll of vulnerability {unknown}
 m - a scroll of enchant armour {unknown}
Potions
 d - 2 potions of might
 e - 2 potions of curing
 f - 2 potions of heal wounds
 g - a potion of haste {unknown}

Dungeon Overview and Level Annotations

Branches:
Dungeon (2/15)

Altars:
The Shining One

Shops:
D:1 ?   D:2 [


Message History

You hit the worm.
You kill the worm!
l - a scroll labelled DECUCSUDAG
m - a scroll labelled MOAXOUPT XIEDE An orc priest and 2 orcs come into view.
An orc is wielding a +1 short sword of freezing.
The orc shouts! x2
1159 ||| Stepping ~*~*~tactically~*~*~ (hiding).
You start waiting.
An orc is nearby!
You completely miss the orc. The orc barely misses you.
You hit the orc but do no damage. You block the orc's attack.
The orc hits you but does no damage.
You hit the orc.
The orc is lightly wounded.
The orc hits you but does no damage.
You closely miss the orc.
The orc is lightly wounded.
A goblin comes into view. It is wielding a +0 dagger.
The orc hits you with a +0 dagger.
The orc priest looks braver for a moment.
You hear a shout!
The goblin shouts!
You slash the orc!
You kill the orc!
You hear a shout!
An orc priest comes into view. It is wielding a +0 falchion.
The orc priest calls down the wrath of Beogh upon you.
Beogh smites you! The orc hits you but does no damage.
You hit the orc.
The orc is heavily wounded.
An orc comes into view. It is wielding a +0 flail.
You block the orc's attack.
You barely miss the orc.
The orc is heavily wounded.
The orc priest invokes the aid of Beogh against you.
Beogh smites you!
Ouch! That really hurt!
You die...

##.......##.##.# .#
####.......##.##.###
#..#............#
#..#######.##.#.# #..#
#.##.# #..#######....#
#####.............# ...#
#.#########.## ##%###.#
#@# .......##### #o#
.#.........###.oog.oo.o.
...##............o##.###
.#.##.###..###.##.#
.#.##.. ...... .#
....#### .#... ..
....### #.# .#
..../.#... .. ..


You could see 2 orc priests, 2 orcs and a goblin.

Vanquished Creatures
  2 adders (D:2)
  A worm (D:2)
  A dart slug (D:2)
  An orc (D:2)
  2 endoplasms (D:1)
  4 giant cockroaches (D:1)
  A goblin (D:1)
  A quokka (D:2)
  4 ball pythons
  2 bats
  3 kobolds (D:1)
  4 rats (D:2)
26 creatures vanquished.

Notes
Turn   | Place    | Note
-------+----------+-------------------------------------------
     0 | D:1      | qw the Gargoyle Fighter began the quest for the Orb.
     0 | D:1      | Reached XP level 1. HP: 14/14 MP: 1/1
     0 | D:1      | 0 ||| qw: Version: 0.2-a-12-gaebbb33
     0 | D:1      | 0 ||| qw: Game counter: 1496
     0 | D:1      | 0 ||| qw: Always use a shield: true
     0 | D:1      | 0 ||| qw: God list: Okawaru
     0 | D:1      | 0 ||| qw: Allow faded altars: false
     0 | D:1      | 0 ||| qw: Do Orc after D:15 true
     0 | D:1      | 0 ||| qw: Do second Lair branch before Depths: true
     0 | D:1      | 0 ||| qw: Lair rune preference: random
     0 | D:1      | 0 ||| qw: Plans: Normal, Zot:1-4, God:TSO, Crypt, Tomb,
                  | Pan, Slime:5, Hells, Abyss, Orb
     0 | D:1      | 0 ||| PLANNING D:1-11
    46 | D:1      | 46 ||| Stepping ~*~*~tactically~*~*~ (stealth).
    60 | D:1      | Found Bisateh's Magic Scroll Shop.
    65 | D:1      | 65 ||| SHOPLISTING scroll of teleportation (36 gold, have
                  | 8).
   243 | D:1      | Reached XP level 2. HP: 19/19 MP: 2/2
   276 | D:1      | 276 ||| Stepping ~*~*~tactically~*~*~ (stealth).
   309 | D:1      | Found a faded altar of an unknown god.
   317 | D:1      | 317 ||| DROPPING -1 hand axe of draining.
   722 | D:1      | 722 ||| UPGRADING to +0 helmet.
   727 | D:1      | 727 ||| READING scroll labelled UTOIQO NAHEN.
   730 | D:1      | 730 ||| READING 2 scrolls labelled HEEDWU WAPI.
   731 | D:1      | 731 ||| DRINKING 3 sapphire potions.
   732 | D:1      | 732 ||| DRINKING 2 bubbling red potions.
   750 | D:2      | 750 ||| STAIRDANCE
   898 | D:2      | 898 ||| DROPPING +0 club.
   953 | D:2      | 953 ||| Stepping ~*~*~tactically~*~*~ (stealth).
   955 | D:2      | 955 ||| Stepping ~*~*~tactically~*~*~ (stealth).
   960 | D:2      | Reached skill level 3 in Axes
   960 | D:2      | Reached XP level 3. HP: 23/23 MP: 3/3
   965 | D:2      | Found Owokk's Armour Emporium.
  1001 | D:2      | 1001 ||| Stepping ~*~*~tactically~*~*~ (stealth).
  1089 | D:2      | 1089 ||| BUYING +0 chain mail (45 gold).
  1089 | D:2      | Bought a +0 chain mail for 45 gold pieces
  1089 | D:2      | 1089 ||| SHOPLISTING +0 chain mail of fire resistance (115
                  | gold, have 9).
  1089 | D:2      | 1089 ||| SHOPLISTING +1 acid dragon scales (470 gold, have
                  | 9).
  1089 | D:2      | 1089 ||| SHOPLISTING +2 robe of resistance (377 gold, have
                  | 9).
  1089 | D:2      | 1089 ||| SHOPLISTING +3 chain mail (215 gold, have 9).
  1118 | D:2      | Found a glowing golden altar of the Shining One.
  1159 | D:2      | 1159 ||| Stepping ~*~*~tactically~*~*~ (hiding).
  1168 | D:2      | Killed from afar by an orc priest

Levels and vault maps discovered:
D:1:      dreamdust_arrival_sigmund_warning, layout_basic,
          ebering_ecumenical_altar_rust, serial_shops, shop_fountains,
          nrook_uturn
D:2:      layout_loops_ring, serial_shops, shop, basic_altar

Skill      XL: |  1  2 |
---------------+-------+-----
Axes           | 2 3 |  3.6
Fighting       | |  3.2
Armour         | |  3.2
Shields        | |  3.2

Action                   || total
-------------------------++-------
Melee: War axe           ||    68
  Use: Scroll            ||     2
       Potion            ||     2
Armor: Scale mail        ||    31
Dodge: Dodged            ||    21
Block: Buckler           ||    11

Table legend:
 A = Non-vault XP
 B = Vault XP
 C = Vault XP percentage of total XP
 D = Non-vault monster count
 E = Vault monster count
 F = Vault count percentage of total count
                 A         B        C        D         E       F
            +---------+---------+-------+---------+---------+-------
      Total |      71 |       0 |   0.0 |      26 |       0 |   0.0
            +---------+---------+-------+---------+---------+-------
        D:1 |      22 |       0 |   0.0 |      13 |       0 |   0.0
        D:2 |      49 |       0 |   0.0 |      13 |       0 |   0.0
            +---------+---------+-------+---------+---------+-------
